 Dungeon Crawl Stone Soup version 0.18.1-48-g4cf74bf (webtiles) character file.

154 boogeech the Magician (level 5, -1/26 HPs)
             Began as a Vine Stalker Transmuter on June 28, 2016.
             Was an Initiate of Sif Muna.
             Slain by Menkaure (3 damage)
             ... on level 4 of the Dungeon.
             The game lasted 00:08:49 (2476 turns).

boogeech the Magician (Vine Stalker Transmuter)     Turns: 2476, Time: 00:08:50

Health: -1/26      AC:  2    Str: 13    XL:     5   Next: 35%
Magic:  0/10       EV: 20    Int: 14    God:    Sif Muna [......]
Gold:   150        SH:  0    Dex: 19    Spells: 2 memorised, 6 levels left

rFire  . . .     SeeInvis .       - Unarmed
rCold  . . .     Gourm    .     (armour currently unavailable)
rNeg   . . .     Faith    .     (shield currently unavailable)
rPois  x         Spirit   +     (helmet currently unavailable)
rElec  .         Dismiss  .     (cloak currently unavailable)
rCorr  .         Reflect  .     (gloves currently unavailable)
SustAt .         Harm     .     (boots currently unavailable)
MR     .....                    (no amulet)
Stlth  ++........               (no ring)
                                (no ring)

@: spider-form (expiring), not resistant to hostile enchantments, unstealthy
A: (fangs 0), regeneration 1, magic shield, (antimagic bite), no device heal 3,
rot immunity
a: End Transformation, Renounce Religion


You were on level 4 of the Dungeon.
You worshipped Sif Muna.
Sif Muna was noncommittal.
You were hungry.
You were a venomous arachnid creature.
You visited 2 branches of the dungeon, and saw 5 of its levels.

You collected 150 gold pieces.

Inventory:

Hand Weapons
 n - a +0 short sword
Missiles
 a - 43 arrows
Armour
 b - a +0 robe (melded)
 k - a +0 hat (melded)
 w - a cursed +0 pair of boots (melded)
Jewellery
 A - an uncursed ring of flight {unknown}
Wands
 h - a wand of flame (30/48)
 u - a wand of teleportation (6/9)
Scrolls
 e - a scroll of blinking
 f - a scroll of amnesia {unknown}
 g - a scroll of noise {unknown}
 i - a scroll of random uselessness {unknown}
 j - a scroll of enchant weapon {unknown}
 m - a scroll of immolation {unknown}
 o - a scroll of fog {unknown}
 r - 2 scrolls of identify {unknown}
 t - a scroll of fear {unknown}
 y - 4 scrolls of teleportation {unknown}
 z - a scroll of remove curse {unknown}
 B - a scroll of magic mapping {unknown}
Potions
 l - a potion of haste {unknown}
 q - a potion of magic {unknown}
 s - a potion of brilliance {unknown}
 x - a potion of invisibility
Books
 c - a book of Changes

   Spells                             Type                      Level
   a - Beastly Appendage              Transmutation                1
   b - Sticks to Snakes               Transmutation                2
   c - Spider Form                    Transmutation/Poison         3
   d - Ice Form                       Ice/Transmutation            4
   e - Blade Hands                    Transmutation                5
Comestibles
 d - a bread ration
 p - 2 meat rations


   Skills:
 * Level 2.1 Fighting
 * Level 2.3 Dodging
 + Level 2.0 Stealth
 - Level 3.0 Unarmed Combat
 * Level 3.2 Spellcasting
 * Level 3.0 Transmutations


You had 6 spell levels left.
You knew the following spells:

 Your Spells              Type           Power        Failure   Level  Hunger
a - Beastly Appendage     Trmt           ##....       24%         1    #......
b - Spider Form           Trmt/Pois      #.........   61%         3    ###....


Dungeon Overview and Level Annotations

Branches:
Dungeon (4/15)             Temple (1/1) D:4

Altars:
Ashenzari
Cheibriados
Dithmenos
Elyvilon
Gozag
Kikubaaqudgha
Makhleb
Nemelex Xobeh
Okawaru
Qazlal
Ru
Sif Muna
Trog
Vehumet
Xom
Yredelemnul
The Shining One

Annotations:
D:4 Aquadorian's ghost, novice KoAs; Menkaure


Innate Abilities, Weirdness & Mutations

((You have extremely sharp teeth.))
Your natural rate of healing is unusually fast.
When hurt, damage is shared between your health and your magic reserves.
((Your bite disrupts and absorbs the magic of your enemies.))
Potions and wands cannot restore your health.
You are immune to rotting.


Message History

Menkaure hits you.
You hit Menkaure.
Menkaure is lightly damaged.
Menkaure hits you!
You hit Menkaure.
Menkaure is lightly damaged.
Menkaure barely misses you. Menkaure closely misses you.
You hit Menkaure.
Menkaure is moderately damaged.
Menkaure casts a spell at you.
You struggle to resist.
You hit Menkaure.
Menkaure is moderately damaged.
Menkaure hits you!
* * * LOW HITPOINT WARNING * * *
You completely miss Menkaure.
Menkaure is moderately damaged.
Menkaure murmurs in an indecipherable tongue.
Menkaure hits you.
You die...

#########
#.......#
##########.#####.#
...............#.#
#.########.###.#s#
#.# #.# #..M# #.#
#.# #.... #.# #.#
#...## #.# #.#
#...% #.########.#
#...#
#..........###...#
######...........#
#.#......


You could see Menkaure.

Vanquished Creatures
  Ijyb (D:2)
  5 adders
  An ooze (D:1)
  2 worms (D:3)
  5 giant cockroaches
  6 goblins
  8 hobgoblins
  13 jackals
  9 kobolds
  3 quokkas
  A ball python (D:3)
  5 bats
  3 giant newts
  3 rats
65 creatures vanquished.

Notes
Turn   | Place    | Note
--------------------------------------------------------------
     0 | D:1      | boogeech the Vine Stalker Transmuter began the quest for the Orb.
     0 | D:1      | Reached XP level 1. HP: 9/9 MP: 4/4
    87 | D:1      | Reached skill level 1 in Fighting
   239 | D:1      | Reached XP level 2. HP: 12/14 MP: 4/6
   593 | D:2      | Reached XP level 3. HP: 18/18 MP: 7/7
   598 | D:2      | Learned a level 3 spell: Spider Form
   763 | D:2      | Reached skill level 1 in Stealth
   837 | D:2      | Noticed Ijyb
   848 | D:2      | Killed Ijyb
   848 | D:2      | Reached XP level 4. HP: 22/23 MP: 5/9
  1292 | D:3      | Found a shimmering altar of Xom.
  1459 | D:3      | Reached XP level 5. HP: 26/26 MP: 6/10
  2128 | D:4      | Found a staircase to the Ecumenical Temple.
  2137 | D:4      | Noticed Aquadorian's ghost (novice KoAs)
  2143 | Temple   | Entered the Ecumenical Temple
  2252 | Temple   | Became a worshipper of Sif Muna the Loreminder
  2466 | D:4      | Noticed Menkaure
  2475 | D:4      | HP: 1/26 [Menkaure (8)]
  2476 | D:4      | Slain by Menkaure

Skill      XL: |  1  2  3  4  5 |
---------------+----------------+-----
Fighting       | 1 2 |  2.1
Stealth        | 1 2 |  2.0
Dodging        | 2 |  2.3
Spellcasting   | 3 |  3.2
Transmutations | 3 |  3.0
Unarmed Combat | |  3.0

Action                   |  1- 3 |  4- 6 || total
-------------------------+-------+-------++-------
Melee: Unarmed           |   124 |   143 ||   267
       Bite              |    17 |    32 ||    49
       Headbutt          |     2 |       ||     2
       Punch             |     1 |       ||     1
       Kick              |     5 |       ||     5
 Cast: Beastly Appendage |     2 |     1 ||     3
       Spider Form       |     1 |     5 ||     6
  Use: Scroll            |       |     1 ||     1
       Potion            |       |     1 ||     1
 Stab: Sleeping          |     3 |     3 ||     6
  Eat: Royal jelly       |       |     1 ||     1
       Chunk             |       |     2 ||     2
       Pizza             |       |     1 ||     1
Armor: Robe              |    25 |    21 ||    46
Dodge: Dodged            |    97 |    80 ||   177
